 Dungeon Crawl Stone Soup version 0.32-a0-953-g508020473e (webtiles) character file.

Game seed: 17342090001122267557

100 Esekla the Poker (level 4, -10/51 HPs)
             Began as a Demonspawn Wanderer on Apr 16, 2024.
             Mangled by Crazy Yiuf
             ... wielding a +2 quarterstaff of chaos
              (12 damage)
             ... on level 3 of the Dungeon.
             The game lasted 00:08:58 (1685 turns).

Esekla the Poker (Demonspawn Wanderer)              Turns: 1685, Time: 00:08:58

Health: -10/51     AC:  6    Str: 13    XL:     4   Next: 46%
Magic:  4/7        EV: 10    Int: 13    God:
Gold:   82         SH:  0    Dex: 13    Spells: 4/8 levels left

rFire   . . .        a - +1 trident
rCold   . . .        (no shield)
rNeg    . . .        c - +0 leather armour
rPois   .            k - +0 helmet
rElec   .            n - +0 cloak
rCorr   .            (no gloves)
SInv    +            (no boots)
Will    +....        (no amulet) Stlth
                     m - ring of willpower
HPRegen 0.28/turn    t - ring of see invisible
MPRegen 0.10/turn

%: no passive effects
@: berserking, lethally poisoned (-10 -> -17), very slightly contaminated, very
quick
A: claws 1, sharp scales 1
a: no special abilities


You were on level 3 of the Dungeon.
You visited 1 branch of the dungeon, and saw 3 of its levels.

You collected 82 gold pieces.

Inventory:

Hand Weapons
 a - a +1 trident (weapon)
 h - a +0 dagger
Armour
 c - a +0 leather armour (worn)
 k - a +0 helmet (worn)
 n - a +0 cloak (worn)
Magical Staves
 f - a staff of death
Jewellery
 m - a ring of willpower (left claw)
 t - a ring of see invisible (right claw)
Wands
 u - a wand of paralysis (8)
Scrolls
 b - a scroll of blinking
 d - 2 scrolls of identify {unknown}
 g - a scroll of torment {unknown}
 j - a scroll of immolation {unknown}
 l - 2 scrolls of fog {unknown}
 o - 2 scrolls of vulnerability {unknown}
 r - 2 scrolls of poison {unknown}
Potions
 e - 2 potions of resistance {unknown}
 i - a potion of berserk rage
 p - a potion of curing {unknown}
 q - a potion of enlightenment {unknown}
 s - a potion of lignification {unknown}


   Skills:
 * Level 2.6 Fighting
 + Level 3.3 Polearms
 + Level 0.3 Armour
 + Level 0.1 Dodging
 + Level 0.1 Stealth
 * Level 2.5 Spellcasting
 * Level 1.0 Conjurations
 * Level 1.2 Air Magic
 + Level 2.0 Alchemy
 + Level 1.0 Evocations


You had 4 spell levels left.
You knew the following spells:

 Your Spells              Type           Power      Damage    Failure   Level
a - Sting                 Conj/Alch      20%        1d4       16%         1
c - Mephitic Cloud        Conj/Alch/Air  5%         N/A       45%         3

Your spell library contained the following spells:

 Spells                   Type           Power      Damage    Failure   Level


Dungeon Overview and Level Annotations

Branches:
Dungeon (3/15)

Altars:

Annotations:
D:3 3 runed translucent doors, Crazy Yiuf; smashvw's ghost, amateur DrHu


Innate Abilities, Weirdness & Mutations

You have sharp fingernails.
You are partially covered in razor-sharp scales. (AC +1, Slay +1)


Message History

The goblin shouts!
Smashvw's ghost turns its malevolent gaze towards you.
The hobgoblin shouts!
Found a hammer.
Found a runed translucent door.
Crazy Yiuf shouts!
Crazy Yiuf cries, "You leg down broken song, no?"
Press: ? - help, v - describe, . - travel
Here: Crazy Yiuf, wielding a +2 quarterstaff of chaos and wearing a +1 cloak of willpower (fire blocked by a runed translucent door)
The floor.
You open the door.
Casting: Sting (safe; 16% risk of failure)
Confirm with . or Enter, or press ? or * to list all spells.
Aiming: Mephitic Cloud (quite dangerous; 45% risk of failure)
Press: ? - help, Shift-Dir - straight line, f - Crazy Yiuf
Aim: Crazy Yiuf, wielding a +2 quarterstaff of chaos and wearing a +1 cloak of willpower (chance to affect: 86%)
You miscast Mephitic Cloud.
You are very lightly contaminated with residual magic.
You are caught in a violent explosion!
Crazy Yiuf cries, "Whippet pontify sing-song!"
Crazy Yiuf hits you with a +2 quarterstaff of chaos!
* * * LOW HITPOINT WARNING * * *
You are lethally poisoned!
It was a potion of berserk rage.
A red film seems to cover your vision as you go berserk!
You feel yourself moving faster!
You feel mighty!
* * * LOW HITPOINT WARNING * * *
You feel very sick.
Crazy Yiuf hits you with a +2 quarterstaff of chaos.
* * * LOW HITPOINT WARNING * * *
Crazy Yiuf freezes you.
* * * LOW HITPOINT WARNING * * *
You are too berserk!
You barely miss Crazy Yiuf.
* * * LOW HITPOINT WARNING * * *
You feel sick. Crazy Yiuf closely misses you.
You barely miss Crazy Yiuf.
* * * LOW HITPOINT WARNING * * *
You feel sick.
Crazy Yiuf hits you with a +2 quarterstaff of chaos!
You die...

#..##.#
#.......#
####..##.###
#########
#..........#
#.##.#######
#####
..##.##
#..)#
####..#
#...# ##.#
... #####.#
#g# ......#
♣♣@♣ ####..#
♣.♣♣
......######
♣♣.♣
####.......#
♣.♣♣ #
#.......#
♣♣.♣♣
#.####.##
♣...♣♣ #.#
#.# ♣....♣
#.# #.#
##..## #.#
#.####....#


You could see Crazy Yiuf.

Vanquished Creatures
  A jelly (D:3)
  An adder (D:2)
  A dart slug (D:3)
  A ribbon worm (D:2)
  An orc (D:3)
  9 endoplasms
  4 giant cockroaches
  4 goblins
  3 hobgoblins
  3 jackals (D:3)
  2 quokkas
  6 ball pythons
  3 bats
  3 frilled lizards (D:1)
  6 kobolds
  3 rats (D:1)
51 creatures vanquished.

Notes
Turn   | Place    | Note
-------+----------+-------------------------------------------
     0 | D:1      | Esekla the Demonspawn Wanderer began the quest for the Orb.
     0 | D:1      | Esekla set off with the following items: a +1 trident, a
                  | scroll of blinking, a +0 leather armour; and the following
                  | spell memorised: Sting; and the following spells available
                  | to memorise: Mephitic Cloud.
     0 | D:1      | Reached XP level 1. HP: 16/16 MP: 3/3
   126 | D:1      | Gained mutation: You have sharp fingernails. [demonic
                  | ancestry]
   126 | D:1      | Reached XP level 2. HP: 22/22 MP: 5/5
   340 | D:1      | Reached skill level 3 in Polearms
   817 | D:2      | Gained mutation: You are partially covered in razor-sharp
                  | scales. (AC +1, Slay +1) [demonic ancestry]
   817 | D:2      | Reached XP level 3. HP: 26/28 MP: 4/6
  1054 | D:3      | Found a runed translucent gate.
  1054 | D:3      | Found a runed translucent gate.
  1054 | D:3      | Found a runed translucent gate.
  1055 | D:3      | Noticed smashvw's ghost (amateur DrHu)
  1097 | D:3      | Reached skill level 1 in Air Magic
  1167 | D:2      | Learned a level 3 spell: Mephitic Cloud
  1441 | D:3      | Reached skill level 1 in Conjurations
  1441 | D:3      | Reached XP level 4. HP: 31/34 MP: 7/7
  1677 | D:3      | Found a runed translucent door.
  1678 | D:3      | Noticed Crazy Yiuf
  1685 | D:3      | HP: 2/51 [poisoned by Crazy Yiuf]
  1685 | D:3      | Mangled by Crazy Yiuf

Illustrated notes

Levels and vault maps discovered:
D:1:      erik_arrival_blinker_ship, layout_basic, hangedman_decor_slide_cut
D:2:      layout_basic
D:3:      layout_loops_ring, gammafunk_ghost_split, corexii_hall_statues_t,
          uniq_crazy_yiuf_cottage

Skill      XL: |  1  2  3 |
---------------+----------+-----
Polearms       | 3 |  3.3
Air Magic      | 1 |  1.2
Conjurations   | 1 |  1.0
Fighting       | |  2.6
Armour         | |  0.3
Dodging        | |  0.1
Stealth        | |  0.1
Spellcasting   | |  2.5
Alchemy        | |  2.0
Evocations     | |  1.0

Action                     |  1- 3 |  4- 6 || total
---------------------------+-------+-------++-------
  Melee: Trident           |    90 |     7 ||    97
   Cast: Sting             |    23 |     3 ||    26
    Use: Potion            |       |     1 ||     1
   Stab: Sleeping          |     3 |     1 ||     4
         Distracted        |     1 |       ||     1
 Armour: Leather armour    |    47 |     3 ||    50
  Dodge: Dodged            |    27 |     6 ||    33

Table legend: (Time is in decaauts)
 A = Elapsed time spent in this place.
 B = Non-inter-level travel time spent in this place.
 C = Inter-level travel time spent in this place.
 D = Time resting spent in this place.
 E = Time spent auto-exploring this place.
 F = Levels seen in this place.
 G = Mean time per level.
                   A        B        C        D        E       F      G
               +--------+--------+--------+--------+--------+-----+--------+
         Total |   1696 |   1651 |     45 |     72 |    640 |   3 |  565.3 |
       Dungeon |   1696 |   1651 |     45 |     72 |    640 |   3 |  565.3 |
               +--------+--------+--------+--------+--------+-----+--------+

Top non-repeatable levels by time:
     D:1: 796 daAuts
     D:3: 607 daAuts
     D:2: 292 daAuts
